 Dungeon Sprint DCSS version 0.28.0 (webtiles) character file.

Game seed: 17730583604372048136

40 rocky1 the Ruffian (level 3, -6/36 HPs)
             Began as a Ghoul Monk on Feb 10, 2022.
             Was a Believer of Okawaru.
             Mangled by a wraith (7 damage)
             ... in the Dungeon (Sprint IX: "|||||||||||||||||||||||||||||").
             The game lasted 00:02:51 (489 turns).

rocky1 the Ruffian (Ghoul Monk)                      Turns: 489, Time: 00:02:51

Health: -6/36      AC:  8    Str: 16    XL:     3   Next: 50%
Magic:  2/2        EV: 12    Int:  5    God:    Okawaru [**....]
Gold:   0          SH:  0    Dex: 17    Spells: 2/2 levels left

rFire   . . .      SeeInvis .     - Unarmed
rCold   + . .      Faith    .   (no shield)
rNeg    + + +      Spirit   .   j - +2 ring mail
rPois   ∞          Reflect  .   (no helmet)
rElec   .          Harm     .   (no cloak)
rCorr   .          Rampage  .   i - +0 pair of gloves
Will    .....      NoTele   +   (no boots)
Stlth   ++........              (no amulet)
HPRegen 0.00/turn               k - +3 ring of dexterity
MPRegen 0.08/turn               l - +3 ring of dexterity

@: inhibited regen, slowed, invisible (expiring), very slow
A: claws 1, cold resistance 1, negative energy resistance 3, inhibited
regeneration, torment resistance 2
a: Renounce Religion, Heroism


You were in the Dungeon.
You worshipped Okawaru.
Okawaru was pleased with you.
You visited 1 branch

Inventory:

Armour
 a - a +0 robe
 i - a +0 pair of gloves (worn)
 j - a +2 ring mail (worn)
Jewellery
 k - a +3 ring of dexterity (left hand)
 l - a +3 ring of dexterity (right hand)
Wands
 h - a wand of iceblast (10)
Scrolls
 f - 2 scrolls of blinking
 g - 2 scrolls of amnesia
Potions
 b - 5 potions of curing
 c - 3 potions of heal wounds
 e - 4 potions of magic


   Skills:
 + Level 5.3 Fighting
 + Level 4.3 Dodging
 - Level 2.1 Stealth
 + Level 5.3 Unarmed Combat
 + Level 0.0 Invocations


You had 2 spell levels left.
You didn't know any spells.
Your spell library was empty.

Dungeon Overview and Level Annotations

Branches:
Dungeon (1/1)

Altars:
Cheibriados
Dithmenos
Elyvilon
Fedhas
Gozag
Hepliaklqana
Kikubaaqudgha
Makhleb
Nemelex Xobeh
Okawaru
Qazlal
Ru
Sif Muna
Trog
Uskayaw
Vehumet
Wu Jian
Xom
Yredelemnul
Zin
The Shining One
Beogh
Jiyva
Lugonu


Innate Abilities, Weirdness & Mutations

You thrive by killing the living.
You are immune to poison.
You have sharp fingernails.
Your flesh is cold resistant. (rC+)
You are immune to negative energy. (rN+++)
You do not regenerate when monsters are visible.
You are immune to unholy pain and torment.


Message History

You hit the wraith but do no damage. You punch the wraith, but do no damage.
The centaur shoots an arrow.
The arrow hits the two-headed ogre!
The centaur shoots an arrow.
The arrow hits the two-headed ogre!
The wraith misses you.
You hit the wraith.
The wraith is lightly damaged.
The centaur shoots an arrow.
The arrow hits the two-headed ogre!
The wraith closely misses you.
The centaur shoots an arrow.
The arrow hits the two-headed ogre!
The two-headed ogre dies!
You hit the wraith but do no damage.
The wraith is lightly damaged.
The centaur shoots an arrow.
The arrow hits the wraith!
The wraith closely misses you.
The centaur shoots an arrow.
The arrow hits the wraith.
The wraith hits you but does no damage.
You closely miss the wraith.
The wraith is heavily damaged.
The centaur shoots an arrow.
The arrow barely misses the wraith.
The arrow misses you.
The centaur shoots an arrow.
The arrow closely misses the wraith.
The arrow hits you but does no damage. The wraith barely misses you.
You completely miss the wraith.
The wraith is heavily damaged.
The centaur shoots an arrow.
The arrow hits the wraith!
The wraith hits you but does no damage.
You barely miss the wraith.
The wraith is almost destroyed.
The centaur shoots an arrow.
The arrow hits the wraith but does no damage.
The wraith hits you.
The centaur shoots an arrow.
The arrow closely misses the wraith.
The arrow hits you! The wraith hits you.
You hit the wraith.
The wraith is almost destroyed.
You flicker for a moment.
The wraith hits you!
* * * LOW HITPOINT WARNING * * *
You barely miss the wraith.
The wraith is almost destroyed.
The wraith misses you. The wraith hits you!
You die...

▓.▓
▓.▓
▓Z▓
▓y▓
▓Y▓
▓c▓
▓W▓
▓@▓
▓.▓
▓.▓
▓.▓
▓[▓
▓.▓
▓)▓
▓.▓
▓.▓


You could see a yak, a wraith, a centaur, a killer bee and a giant cockroach
zombie.

Vanquished Creatures
  An iguana (D)
  An adder skeleton (D)
  2 orcs (D)
  2 bats (D)
  An endoplasm (D)
  A goblin (D)
  A hobgoblin (D)
  A quokka zombie (D)
10 creatures vanquished.

Vanquished Creatures (others)
  A two-headed ogre (D)
1 creature vanquished.

Grand Total: 11 creatures vanquished

Notes
Turn   | Place    | Note
-------+----------+-------------------------------------------
     0 | D        | rocky1 the Ghoul Monk began the quest for the Orb.
     0 | D        | Reached XP level 1. HP: 19/19 MP: 0/0
   118 | D        | Noticed an iguana
   127 | D        | Killed an iguana
   128 | D        | Reached skill level 5 in Fighting
   128 | D        | Reached skill level 5 in Unarmed Combat
   128 | D        | Reached XP level 2. HP: 14/29 MP: 1/1
   128 | D        | Reached XP level 3. HP: 18/36 MP: 2/2
   148 | D        | Found a snail-covered altar of Cheibriados.
   148 | D        | Found a shadowy altar of Dithmenos.
   148 | D        | Found a blossoming altar of Fedhas.
   148 | D        | Found an opulent altar of Gozag.
   149 | D        | Found a hazy altar of Hepliaklqana.
   150 | D        | Found a viscous altar of Jiyva.
   151 | D        | Found an ancient bone altar of Kikubaaqudgha.
   152 | D        | Found a corrupted altar of Lugonu.
   153 | D        | Found a burning altar of Makhleb.
   154 | D        | Found a sparkling altar of Nemelex Xobeh.
   155 | D        | Found an iron altar of Okawaru.
   156 | D        | Found a stormy altar of Qazlal.
   157 | D        | Found a sacrificial altar of Ru.
   158 | D        | Found a shimmering blue altar of Sif Muna.
   159 | D        | Found a bloodstained altar of Trog.
   160 | D        | Found a hide-covered altar of Uskayaw.
   161 | D        | Found a radiant altar of Vehumet.
   162 | D        | Found an ornate altar of the Wu Jian Council.
   163 | D        | Found a shimmering altar of Xom.
   165 | D        | Became a worshipper of Warmaster Okawaru
   165 | D        | Reached * piety under Okawaru
   165 | D        | Reached ** piety under Okawaru
   167 | D        | Found a basalt altar of Yredelemnul.
   474 | D        | Noticed a killer bee
   474 | D        | Noticed a yak
   474 | D        | Noticed a two-headed ogre
   474 | D        | Noticed a centaur
   474 | D        | Noticed a wraith
   483 | D        | Killed a two-headed ogre
   488 | D        | HP: 1/36 [wraith (11)]
   489 | D        | Mangled by a wraith

Illustrated notes

Levels and vault maps discovered:
D:        linesprint [early_d, line_temple, items_1, d_10, items_2, lair_1,
          lair_end, items_3, orc_1, orc_end, items_4, d_15, swamp_1, shoals_1,
          snake_1, spider_1, d_20, vaults_1, items_5, swamp_end, shoals_end,
          snake_end, spider_end, vaults_end, d_27, items_6, zot_1, zot_end,
          crypt_end, forest_end, elf_end, slime_end, tomb_end, abyss_end,
          pan_hell_end]

Skill      XL: |  1 |
---------------+----+-----
Dodging        | 4 |  4.3
Fighting       | 5 |  5.3
Unarmed Combat | 5 |  5.3
Stealth        | |  2.1

Action                   || total
-------------------------++-------
Melee: Unarmed           ||    44
       Punch             ||     3
  Use: Potion            ||     2
 Stab: Sleeping          ||     2
Armor: Robe              ||     4
       Ring mail         ||     6
Dodge: Dodged            ||    22
